 Dungeon Crawl Stone Soup version 0.32-a0-913-g739538afd8 (webtiles) character file.

Game seed: 8751850672207357838

17397 Jano the Basher (level 12, -3/93 HPs)
             Began as a Coglin Berserker on Apr 9, 2024.
             Was a High Priest of Trog.
             Slain by a death knight
             ... wielding a +0 glaive
              (12 damage)
             ... on level 9 of the Dungeon.
             The game lasted 00:24:01 (9187 turns).

Jano the Basher (Coglin Berserker)                  Turns: 9187, Time: 00:24:01

Health: -3/93      AC: 17    Str: 19    XL:     12   Next: 47%
Magic:  12/12      EV:  5    Int:  8    God:    Trog [*****.]
Gold:   621        SH:  0    Dex: 16    Spells: 11/11 levels left

rFire   . . .        F - +0 morningstar (vamp) {Juhanna}
rCold   . . .        J - +1 morningstar (venom) {Sinnashi}
rNeg    . . .        f - +4 plate armour
rPois   .            (no helmet)
rElec   .            I - +0 cloak
rCorr   .            (no gloves)
SInv    .            (no boots)
Will    .....        (amulet unavailable) Stlth
                     (ring unavailable)
HPRegen 0.35/turn    (ring unavailable)
MPRegen 0.13/turn    (no gizmo)

%: no passive effects
@: revving
A: off-hand wielding, slow wielding, warmup strikes, no jewellery
a: Invent Gizmo, Renounce Religion, Berserk, Trog's Hand, Brothers in Arms


You were on level 9 of the Dungeon.
You worshipped Trog.
Trog was extremely pleased with you.
You visited 1 branch of the dungeon, and saw 9 of its levels.
You also visited: Sewer, Ossuary and Bailey.

You collected 621 gold pieces.

Inventory:

Hand Weapons
 a - a +0 hand axe of protection {Jingyi}
 k - a +0 trident {Francisco}
 o - a +0 whip {Li}
 D - a +0 flail of flaming {Dietrich}
 F - a +0 vampiric morningstar (weapon) {Juhanna}
 G - a +4 trident of draining {Pancho}
 J - a +1 morningstar of venom (offhand) {Sinnashi}
Missiles
 b - 39 poisoned darts (quivered)
 c - 11 boomerangs
 t - 2 curare-tipped darts
Armour
 f - a +4 plate armour (worn)
 I - a +0 cloak (worn)
Wands
 g - a wand of flame (12)
 q - a wand of paralysis (9)
 C - a wand of warping (4)
Scrolls
 j - 2 scrolls of silence
 l - 2 scrolls of fog
 m - 2 scrolls of fear
 n - a scroll of immolation
 p - 3 scrolls of teleportation
 y - 3 scrolls of enchant weapon
 B - a scroll of amnesia
 E - a scroll of noise {unknown}
 H - a scroll of poison
 M - a scroll of brand weapon
 N - a scroll of revelation {unknown}
Potions
 d - 4 potions of curing
 e - 2 potions of berserk rage {unknown}
 h - 6 potions of heal wounds
 i - a potion of invisibility {unknown}
 r - 4 potions of magic {unknown}
 s - a potion of resistance {unknown}
 u - 5 potions of haste
 v - a potion of mutation {unknown}
 w - 4 potions of might {unknown}
 x - a potion of ambrosia {unknown}
 z - a potion of brilliance {unknown}
 A - a potion of attraction {unknown}
 K - a potion of enlightenment {unknown}
 L - a potion of cancellation {unknown}


   Skills:
 + Level 8.2 Fighting
 - Level 9.8(13.0) Axes
 * Level 12.2(13.4) Maces & Flails
 - Level 2.4(6.2) Polearms
 + Level 5.3 Armour
 - Level 1.7 Dodging
 - Level 8.0 Evocations


You had 11 spell levels left.
You didn't know any spells.
Your spell library was empty.

Dungeon Overview and Level Annotations

Branches:
Dungeon (9/15)             Temple (0/1) D:5            Lair (0/5) D:8
  Sewer (visited)         Ossuary (visited)          Bailey (visited)
    Orc: D:9-12

Altars:
Ashenzari
Elyvilon
Qazlal
Sif Muna
Trog
Uskayaw
Vehumet
Wu Jian
Xom
Yredelemnul
The Shining One

Shops:
D:8 *


Innate Abilities, Weirdness & Mutations

You can wield a second weapon in your off-hand.
It takes a long time for you to wield or remove held weapons.
Your first few attacks do less damage.
You cannot equip rings or amulets.


Message History

You hit the death knight with your +1 morningstar of venom.
The death knight is poisoned.
The death knight is lightly wounded.
You closely miss the death knight with your +0 vampiric morningstar.
The death knight reflects your damage back at you!
The death knight hits you with a +0 glaive!
You hit the death knight with your +0 vampiric morningstar.
The death knight is lightly wounded.
You hit the death knight with your +1 morningstar of venom.
The death knight reflects your damage back at you! x2
You closely miss the death knight with your +1 morningstar of venom.
The death knight is lightly wounded.
You sock the death knight with your +0 vampiric morningstar!
The death knight reflects your damage back at you! x2
The death knight hits you but does no damage.
You barely miss the death knight with your +0 vampiric morningstar.
The death knight is moderately wounded.
You bludgeon the death knight with your +1 morningstar of venom!!
The death knight looks as sick as possible!
The death knight reflects your damage back at you! x2
The death knight hits you with a +0 glaive.
Press: ? - help, v - describe, . - travel An open door, spattered with blood.
The death knight reflects your damage back at you!
The death knight hits you from afar with a +0 glaive!
Press: ? - help, v - describe, . - travel The floor.
Unknown command.
Aiming: Paralyse
Press: ? - help, Shift-Dir - straight line, f - death knight
Aim: a death knight, wielding a +0 glaive and wearing a +0 chain mail (severely wounded, reflecting injuries, extremely poisoned, chance to affect: 18%)
Okay, then.
The death knight reflects your damage back at you!
The death knight attacks as it pursues you!
The death knight hits you from afar with a +0 glaive!!
* * * LOW HITPOINT WARNING * * *
The death knight reflects your damage back at you!
The death knight attacks as it pursues you!
The death knight hits you from afar with a +0 glaive!
You die...

...........................
........#############.....#
........#.$.# #.....#
........#...+ ##....# #..
........#...# #.....#
#...........##'##########......
#...........#.p.#..)#...#######
#....#####..#...#...†...#
#....#####..#.@.#:..#...#
#...........##†#######'##
#...........#...#...#...#
#...........#..)'...'.).#
#...........#...#...#...#
#......###############'## ####
#......#..........##...# #...
#......#.............### #...
#......#..........#### #...


You could see a death knight (reflects damage, extremely poisoned).

Vanquished Creatures
  An orc warlord (Bailey)
  2 two-headed ogres (D:9)
  2 centaur warriors (D:9)
  An orc knight (Bailey)
  A wolf spider (D:9)
  An ugly thing (D:9)
  Jeremiah (D:6)
  A freezing wraith (D:9)
  A wyvern (D:6)
  5 yaks (D:9)
  A wraith (D:9)
  3 vampire mosquitoes (D:9)
  A warg (D:8)
  Edmund (D:4)
  Duvessa (D:6)
  2 ice beasts
  A sky beast (D:6)
  13 orc warriors
  2 wolves (D:8)
  An ogre (D:6)
  2 centaurs
  2 phantoms
  A weeping skull (Ossuary)
  6 kobold brigands
  A brain worm (Sewer)
  A bullfrog (D:7)
  2 scorpions
  6 water moccasin zombies (Ossuary)
  Dowan (D:6)
  6 killer bees (D:9)
  A howler monkey (D:5)
  A bombardier beetle (D:6)
  3 jellies
  A quasit (D:6)
  A gnoll bouda (D:4)
  8 orc priests
  Jessica (D:2)
  A sleepcap (D:7)
  Ijyb (D:4)
  4 iguanas
  8 orc wizards
  3 crocodile zombies (Ossuary)
  2 mummies (Ossuary)
  14 gnolls
  3 adders
  A white imp (D:6)
  2 adder zombies (Ossuary)
  29 orcs
  7 ball pythons
  9 endoplasms
  6 giant cockroaches
  12 gnoll zombies (Ossuary)
  22 goblins
  9 hobgoblins
  2 quokkas
  7 bats
  4 frilled lizards
  A goblin zombie (D:5)
  2 hobgoblin zombies (D:6)
  4 jackal zombies (Ossuary)
  27 kobolds
  A kobold skeleton (D:6)
  4 kobold zombies (D:6)
  An orc zombie (Ossuary)
  10 rats
  A rat zombie (D:5)
  A butterfly (D:5)
284 creatures vanquished.

Notes
Turn   | Place    | Note
-------+----------+-------------------------------------------
     0 | D:1      | Jano the Coglin Berserker began the quest for the Orb.
     0 | D:1      | Reached XP level 1. HP: 18/18 MP: 1/1
    75 | D:1      | Reached XP level 2. HP: 24/24 MP: 2/2
   786 | D:2      | Reached ** piety under Trog
   819 | D:2      | Reached XP level 3. HP: 29/29 MP: 3/3
   871 | D:2      | Noticed Jessica
   875 | D:2      | Killed Jessica
   903 | D:2      | Reached XP level 4. HP: 35/37 MP: 4/4
  1476 | D:3      | Found a broken altar of Ashenzari.
  1947 | D:3      | Found a basalt altar of Yredelemnul.
  1996 | D:3      | Reached XP level 5. HP: 42/42 MP: 5/5
  2026 | D:4      | Noticed Edmund
  2029 | D:4      | Noticed Ijyb
  2035 | D:4      | Killed Edmund
  2036 | D:4      | Reached skill level 5 in Axes
  2036 | D:4      | Reached XP level 6. HP: 49/49 MP: 6/6
  2039 | D:4      | Killed Ijyb
  2081 | D:4      | Found a white marble altar of Elyvilon.
  2104 | D:4      | You fall into a shaft and drop 1 floor!
  2104 | D:5      | Entered Level 5 of the Dungeon
  2132 | D:5      | Found a glowing drain.
  2141 | Sewer    | Entered a sewer
  2179 | Sewer    | HP: 2/49 [kobold brigand/+0 short sword (7)]
  2376 | Sewer    | Reached skill level 5 in Fighting
  2376 | Sewer    | Reached XP level 7. HP: 46/56 MP: 7/7
  2441 | Sewer    | Reached *** piety under Trog
  2600 | D:5      | Found a shimmering altar of Xom.
  2679 | D:5      | Found a staircase to the Ecumenical Temple.
  2707 | D:5      | Found a sand-covered staircase.
  2714 | Ossuary  | Entered an ossuary
  2786 | Ossuary  | Reached XP level 8. HP: 64/64 MP: 8/8
  2890 | Ossuary  | Reached skill level 1 in Evocations
  3045 | D:5      | Reached **** piety under Trog
  3606 | D:6      | Noticed a wyvern
  3914 | D:6      | Noticed Duvessa
  3914 | D:6      | Noticed Dowan
  3929 | D:6      | Killed Dowan
  3929 | D:6      | Killed Duvessa
  3930 | D:6      | Reached XP level 9. HP: 71/71 MP: 9/9
  4174 | D:6      | Found a glowing golden altar of the Shining One.
  4386 | D:6      | Noticed Jeremiah
  4391 | D:6      | Killed Jeremiah
  4460 | D:6      | Found a shimmering blue altar of Sif Muna.
  4624 | D:6      | Found a bloodstained altar of Trog.
  4694 | D:6      | Found a stormy altar of Qazlal.
  5108 | D:7      | Reached skill level 1 in Polearms
  5108 | D:7      | Reached skill level 5 in Evocations
  5757 | D:8      | Found Xeipaome's Mayhem Merchandise.
  5831 | D:8      | Found a staircase to the Lair.
  5853 | D:8      | Reached XP level 10. HP: 48/80 MP: 10/10
  6012 | D:8      | Reached skill level 1 in Maces & Flails
  6212 | D:8      | Found a hide-covered altar of Uskayaw.
  6422 | D:8      | Reached skill level 2 in Maces & Flails
  6428 | D:8      | Found a flagged portal.
  6437 | Bailey   | Entered a bailey
  6530 | Bailey   | Reached skill level 5 in Armour
  6675 | Bailey   | Reached skill level 3 in Maces & Flails
  6682 | Bailey   | Noticed an orc knight
  6728 | Bailey   | Killed an orc knight
  6729 | Bailey   | Reached skill level 4 in Maces & Flails
  6785 | Bailey   | Noticed an orc warlord
  6974 | Bailey   | Killed an orc warlord
  6975 | Bailey   | Reached skill level 5 in Maces & Flails
  7147 | Bailey   | Reached skill level 6 in Maces & Flails
  7164 | Bailey   | Reached skill level 10 in Maces & Flails
  7164 | Bailey   | Reached XP level 11. HP: 84/86 MP: 11/11
  8290 | D:9      | Noticed a two-headed ogre
  8297 | D:9      | Killed a two-headed ogre
  8298 | D:9      | Reached XP level 12. HP: 92/92 MP: 12/12
  8319 | D:9      | Found a radiant altar of Vehumet.
  8408 | D:9      | Reached skill level 11 in Maces & Flails
  8527 | D:9      | Found an ornate altar of the Wu Jian Council.
  8598 | D:9      | Noticed a two-headed ogre
  8605 | D:9      | Killed a two-headed ogre
  8638 | D:9      | Identified the +7 quarterstaff "Wijailo" {freeze, *Slow
                  | rElec rC+++ Str-2}
  8863 | D:9      | Noticed a centaur warrior
  8870 | D:9      | Killed a centaur warrior
  8871 | D:9      | Reached skill level 12 in Maces & Flails
  8958 | D:9      | Reached ***** piety under Trog
  9112 | D:9      | Noticed a centaur warrior
  9120 | D:9      | Killed a centaur warrior
  9179 | D:9      | Noticed a death knight
  9187 | D:9      | Slain by a death knight

Illustrated notes

Levels and vault maps discovered:
D:1:      dpeg_arrival_prison, layout_loops_ring
D:2:      layout_loops_ring, uniq_jessica
D:3:      layout_basic, nicolae_ashenzari_panopticon,
          mainiacjoe_overflow_brackets
D:4:      minmay_door_path, layout_loops_ring, nicolae_elyvilon_peaceful_grove,
          uniq_ijyb, uniq_edmund
D:5:      layout_loops_ring, xom_butterflies,
          minmay_temple_entry_statues_pillars, portal_sewer_entry_d,
          enter_ossuary_4, chequers_serial_rivers_micro_c, moated_statue,
          patterned_corridor
D:6:      layout_gridville, nzn_overflow_gifts_of_might_and_magic,
          lemuel_tele_altar, nicolae_tso_besieged_by_evil, uniq_jeremiah,
          uniq_duvessa
D:7:      layout_loops_cross
D:8:      layout_rooms, nicolae_uskayaw_dance_studio, erik_lair_orcish_takeover,
          enter_bailey_2, minmay_shop_mayhem, kennysheep_cross_room
D:9:      layout_stronghold, mainiacjoe_overflow_cross_hatched,
          lemuel_crystal_altar, nicolae_overflow_squiral, serial_column_ruins,
          column_ruins_grid_5, column_ruins_hut, column_ruins_grid_4,
          column_ruins_open_tiny, column_ruins_columns_straight,
          column_ruins_grid_1, column_ruins_corridor_straight, minmay_evil_grid

Skill      XL: |  1  2  3  4  5  6  7  8  9 10 11 12 |
---------------+-------------------------------------+-----
Axes           | 4 5 6 7 9 |  9.8
Fighting       | 4 5 6 7 8 |  8.2
Evocations     | 3 6 8 |  8.0
Armour         | 2 4 5 |  5.3
Polearms       | 2 |  2.4
Maces & Flails | 10 12 | 12.2
Dodging        | |  1.7

Action                     |  1- 3 |  4- 6 |  7- 9 | 10-12 || total
---------------------------+-------+-------+-------+-------++-------
  Melee: Dagger            |    33 |       |       |       ||    33
         Hand axe          |    43 |    88 |   232 |       ||   363
         Whip              |    12 |    81 |    28 |       ||   121
         Trident           |       |       |   256 |       ||   256
         Flail             |       |       |    78 |       ||    78
         Morningstar       |       |       |       |   466 ||   466
  Throw: Dart              |       |       |       |     6 ||     6
 Invoke: Berserk           |       |     3 |     9 |     7 ||    19
         Trog's Hand       |       |     1 |       |       ||     1
  Evoke: Wand              |       |       |     5 |     1 ||     6
    Use: Scroll            |       |       |    11 |     4 ||    15
         Potion            |       |       |       |     1 ||     1
   Stab: Sleeping          |     5 |     2 |       |       ||     7
         Distracted        |       |     1 |       |       ||     1
         Paralysed         |       |       |     4 |       ||     4
 Armour: Animal skin       |    26 |     7 |       |       ||    33
         Ring mail         |       |    65 |   133 |       ||   198
         Chain mail        |       |       |    91 |   114 ||   205
         Plate armour      |       |       |       |   184 ||   184
  Dodge: Dodged            |    29 |    39 |   130 |    97 ||   295

Table legend: (Time is in decaauts)
 A = Elapsed time spent in this place.
 B = Non-inter-level travel time spent in this place.
 C = Inter-level travel time spent in this place.
 D = Time resting spent in this place.
 E = Time spent auto-exploring this place.
 F = Levels seen in this place.
 G = Mean time per level.
                   A        B        C        D        E       F      G
               +--------+--------+--------+--------+--------+-----+--------+
         Total |   9412 |   9001 |    411 |    686 |   5791 |  12 |  784.3 |
       Dungeon |   7921 |   7510 |    411 |    293 |   5570 |   9 |  880.1 |
         Sewer |    375 |    375 |      0 |    127 |      0 |   1 |  375.0 |
       Ossuary |    305 |    305 |      0 |     67 |      0 |   1 |  305.0 |
        Bailey |    810 |    810 |      0 |    198 |    221 |   1 |  810.0 |
               +--------+--------+--------+--------+--------+-----+--------+

Top non-repeatable levels by time:
     D:6: 1487 daAuts
     D:5: 972 daAuts
     D:8: 964 daAuts
     D:9: 893 daAuts
     D:4: 830 daAuts
  Bailey: 810 daAuts
     D:1: 777 daAuts
     D:7: 732 daAuts
     D:3: 643 daAuts
     D:2: 619 daAuts
   Sewer: 375 daAuts
 Ossuary: 305 daAuts
